 Dungeon Crawl Stone Soup version 0.29.0-13-gc9e81de378 (webtiles) character file.

Game seed: 4806322142262389569

2028 LabCoat the Cleaver (level 9, -6/78 HPs)
             Began as a Hill Orc Fighter on Sept 10, 2022.
             Was a Follower of Trog.
             Mangled by an unseen horror (10 damage)
             ... on level 7 of the Dungeon.
             The game lasted 00:17:41 (7425 turns).

LabCoat the Cleaver (Hill Orc Fighter)              Turns: 7425, Time: 00:17:41

Health: -6/78      AC: 17    Str: 23    XL:     9   Next: 23%
Magic:  3/3        EV:  6    Int:  8    God:    Trog [*.....]
Gold:   252        SH:  5    Dex: 10    Spells: 8/8 levels left

rFire   + . .      SeeInvis .   u - +1 war axe (antimagic)
rCold   . . .      Faith    .   c - +0 buckler
rNeg    . . .      Spirit   .   d - +1 plate armour
rPois   .          Reflect  .   (no helmet)
rElec   .          Harm     +   l - scarf {harm}
rCorr   .          Rampage  .   (no gloves)
Will    .....                   (no boots)
Stlth   ..........              (no amulet)
HPRegen 0.23/turn               o - +4 ring of protection
MPRegen 0.08/turn               t - ring of protection from fire

@: on berserk cooldown, slowed, very slow
A: no striking features
a: Renounce Religion, Berserk


You were on level 7 of the Dungeon.
You worshipped Trog.
Trog was aware of your devotion.
You visited 2 branches of the dungeon, and saw 8 of its levels.

You collected 252 gold pieces.

Inventory:

Hand Weapons
 a - a +2 war axe of electrocution
 h - a +2 vorpal flail
 u - a +1 antimagic war axe (weapon)
Missiles
 n - 8 boomerangs
 r - 2 curare-tipped darts
 s - 12 poisoned darts (quivered)
 A - 2 boomerangs of dispersal
Armour
 c - a +0 buckler (worn)
 d - a +1 plate armour (worn)
 l - a scarf of harm (worn)
Jewellery
 o - a +4 ring of protection (left hand)
 t - a ring of protection from fire (right hand)
 w - a ring of flight
Scrolls
 e - a scroll of blinking
 g - a scroll of immolation
 m - a scroll of enchant weapon {unknown}
 p - a scroll of poison
 v - a scroll of magic mapping
 y - 2 scrolls of identify
Potions
 b - 2 potions of haste
 f - 4 potions of flight
 i - a potion of lignification
 j - a potion of resistance
 k - a potion of cancellation {unknown}
 z - a potion of ambrosia {unknown}


   Skills:
 + Level 6.8 Fighting
 * Level 9.5 Axes
 - Level 2.1 Throwing
 + Level 6.2 Armour
 + Level 6.2 Shields
 + Level 3.4 Evocations


You had 8 spell levels left.
You didn't know any spells.
Your spell library contained the following spells:

 Spells                   Type           Power      Damage    Failure   Level
 Sting                    Tmut/Pois      0%         1d3       100%        1
 Blink                    Tloc           0%         N/A       100%        2
 Ensorcelled Hibernation  Hex/Ice        0%         N/A       100%        2
 Passwall                 Tmut/Erth      0%         N/A       100%        2
 Poisonous Vapours        Pois/Air       0%         N/A       100%        2
 Lesser Beckoning         Tloc           0%         N/A       100%        3
 Swiftness                Air            0%         N/A       100%        3
 Olgreb's Toxic Radiance  Pois           0%         N/A       100%        4
 Manifold Assault         Tloc           0%         N/A       100%        5


Dungeon Overview and Level Annotations

Branches:
Dungeon (7/15)             Temple (1/1) D:7

Altars:
Ashenzari
Cheibriados
Dithmenos
Elyvilon
Fedhas
Gozag
Hepliaklqana
Kikubaaqudgha
Makhleb
Okawaru
Qazlal
Ru
Sif Muna
Trog
Uskayaw
Vehumet
Wu Jian
Xom
Yredelemnul
Zin
The Shining One


Message History

You start resting.
Something hits you but does no damage. Something hits you.
* * * LOW HITPOINT WARNING * * *
You closely miss something. Something hits you.
* * * LOW HITPOINT WARNING * * *
You hit something. Something hits you but does no damage. Something hits you.
* * * LOW HITPOINT WARNING * * *
You block something's attack.
You feel better.
Something hits you but does no damage. x2
You hit something.
Something hits you but does no damage. x2
You feel better. Something hits you!
* * * LOW HITPOINT WARNING * * *
You hit something but do no damage. Something hits you but does no damage.
Something hits you.
* * * LOW HITPOINT WARNING * * *
You feel better. Something hits you but does no damage.
Something completely misses you.
You hit something but do no damage. Something hits you!
* * * LOW HITPOINT WARNING * * *
Something hits you but does no damage.
You feel better. You block something's attack.
You miss something. Something completely misses you.
Something hits you but does no damage.
You slash something! Something hits you but does no damage. Something hits you.
* * * LOW HITPOINT WARNING * * *
You miss something. Something hits you but does no damage.
Something hits you but does no damage. You block something's attack.
Something hits you but does no damage.
You start resting.
Something hits you.
* * * LOW HITPOINT WARNING * * *
Something hits you but does no damage. Something hits you!
* * * LOW HITPOINT WARNING * * *
Okay, then.
You closely miss something. Something hits you.
* * * LOW HITPOINT WARNING * * *
Something hits you but does no damage.
You closely miss something. Something hits you but does no damage.
You barely miss something. Something hits you but does no damage.
You slash something! Something hits you!
You die...

#...<....#..##. ###.#### ##....
#...........#.. ..#.####....#
#...........#.### #.#..........
##..........#.#.#####.#..........
............#..#.##(#.#......##..
##..........#.###.# ..#..........
#.[........#..#.####.#..........
##[.###....#.###.#...#..........
#).# #....#..#@#.#.##..........
#..###....#.#########........##
###...............## #........#
#..................####......###
........<....................#
.............................#
##..##..........###.#.#......#
#..#########...##.....##....#
#.## #...##.#.#.##....#


There were no monsters in sight!

Vanquished Creatures
  Sigmund (D:3)
  A shadow (D:7)
  Menkaure (D:7)
  A water moccasin (D:6)
  2 orc warriors
  A sky beast (D:7)
  A black bear (D:7)
  A necrophage (D:6)
  A bullfrog (D:7)
  A kobold brigand (D:5)
  3 scorpions
  7 hounds
  An orc priest (D:5)
  7 iguanas
  2 orc wizards
  A gnoll (D:4)
  9 adders
  2 shadow imps
  A white imp (D:5)
  An ufetubus (D:6)
  4 worms
  A dart slug (D:5)
  22 orcs
  5 bats
  9 endoplasms
  2 giant cockroaches
  12 goblins
  5 hobgoblins
  7 jackals
  6 quokkas
  9 ball pythons
  2 frilled lizards (D:2)
  10 kobolds
  4 rats
143 creatures vanquished.

Notes
Turn   | Place    | Note
-------+----------+-------------------------------------------
     0 | D:1      | LabCoat the Hill Orc Fighter began the quest for the Orb.
     0 | D:1      | Reached XP level 1. HP: 19/19 MP: 1/1
   166 | D:1      | Reached skill level 3 in Axes
   221 | D:1      | Found a faded altar of an unknown god.
   276 | D:1      | Reached XP level 2. HP: 27/27 MP: 2/2
  1084 | D:2      | Reached XP level 3. HP: 33/33 MP: 3/3
  1539 | D:2      | Reached skill level 4 in Axes
  1566 | D:2      | Reached XP level 4. HP: 40/40 MP: 4/4
  2417 | D:3      | Reached XP level 5. HP: 38/47 MP: 5/5
  2500 | D:3      | Noticed Sigmund
  2716 | D:3      | Reached skill level 1 in Throwing
  2721 | D:3      | Identified the +7 spear of Xoh Casa {venom, *Noise Will+
                  | Dex+3}
  2873 | D:3      | Killed Sigmund
  2874 | D:3      | Reached skill level 5 in Axes
  2874 | D:3      | Reached XP level 6. HP: 49/53 MP: 6/6
  3126 | D:4      | Reached skill level 6 in Axes
  3147 | D:4      | Reached XP level 7. HP: 51/60 MP: 7/7
  3151 | D:4      | Reached skill level 5 in Fighting
  3217 | D:4      | Found a bloodstained altar of Trog.
  3304 | D:4      | Became a worshipper of Trog the Wrathful
  3833 | D:5      | Entered Level 5 of the Dungeon
  3984 | D:5      | Reached skill level 1 in Evocations
  4229 | D:5      | Reached * piety under Trog
  4230 | D:5      | Reached skill level 7 in Axes
  4230 | D:5      | Reached skill level 5 in Armour
  4230 | D:5      | Reached skill level 5 in Shields
  5040 | D:6      | Reached XP level 8. HP: 69/69 MP: 2/8
  5423 | D:6      | Reached skill level 8 in Axes
  6253 | D:7      | Found a staircase to the Ecumenical Temple.
  6263 | Temple   | Entered the Ecumenical Temple
  6659 | D:7      | Reached skill level 9 in Axes
  6659 | D:7      | Reached XP level 9. HP: 65/78 MP: 3/9
  6853 | D:7      | Noticed Menkaure
  7127 | D:7      | Killed Menkaure
  7422 | D:7      | HP: 3/78 [something (1)]
  7425 | D:7      | Mangled by an unseen horror

Illustrated notes

Levels and vault maps discovered:
D:1:      amcnicky_arrival_gap_in_the_tavern_cellar, layout_loops_corners,
          ebering_ecumenical_altar_box, grunt_decor_one_mirror,
          nicolae_figureground_sparkle
D:2:      minmay_angry_zag, layout_basic
D:3:      layout_basic, uniq_sigmund
D:4:      layout_gridville, trog_antimagical, grunt_decor_cap, st_stairs_9,
          hangedman_decor_push
D:5:      layout_layer_cave
D:6:      layout_loops_cross
D:7:      minmay_recursive_quarters, layout_layer_cave,
          minmay_temple_entry_sparse_star, minmay_small_thing, uniq_menkaure
Temple:   mainiacjoe_temple_cubbyholes

Skill      XL: |  1  2  3  4  5  6  7  8  9 |
---------------+----------------------------+-----
Axes           | 3 4 5 6 7 9 |  9.5
Fighting       | 4 5 6 |  6.8
Shields        | 4 5 6 |  6.2
Throwing       | 1 2 |  2.1
Armour         | 4 5 6 |  6.2
Evocations     | 1 3 |  3.4

Action                   |  1- 3 |  4- 6 |  7- 9 || total
-------------------------+-------+-------+-------++-------
Melee: War axe           |   106 |    92 |   230 ||   428
Throw: Dart              |     7 |     7 |     4 ||    18
       Boomerang         |       |    23 |    40 ||    63
Invok: Berserk           |       |       |     2 ||     2
Evoke: Wand              |       |     1 |     4 ||     5
  Use: Scroll            |     8 |     3 |    10 ||    21
       Potion            |       |       |    10 ||    10
 Stab: Betrayed ally     |       |       |     1 ||     1
Armor: Scale mail        |    15 |       |       ||    15
       Chain mail        |    49 |    49 |    61 ||   159
       Plate armour      |       |       |   119 ||   119
Dodge: Dodged            |    39 |    25 |    62 ||   126
Block: Buckler           |    16 |    19 |    46 ||    81
